 Dungeon Crawl Stone Soup version 0.27-a0-1196-g3e9cee4cb2 (webtiles) character file.

Game seed: 927839570521164221

12842 2tc the Carver (level 12, 0/86 HPs)
             Began as a Djinni Gladiator on May 28, 2021.
             Was a Believer of Qazlal.
             Slain by a freezing wraith (21 damage)
             ... on level 10 of the Dungeon.
             The game lasted 01:21:30 (11482 turns).

2tc the Carver (Djinni Gladiator)                  Turns: 11482, Time: 01:21:31

Health: 0/86       AC: 11    Str: 14    XL:     12   Next: 25%
Gold:   340        EV: 14    Int: 13    God:    Qazlal [**....] SH:  9 Dex: 22

rFire    + + .     SeeInvis .   r - +0 dagger (holy)
rCold    . . .     Faith    .   x - +0 buckler
rNeg     . . .     Spirit   .   j - +0 leather armour {rC+}
rPois    ∞         Reflect  .   c - +0 helmet
rElec    .         Harm     .   y - +0 cloak
rCorr    .         Rampage  .   A - +0 pair of gloves
Will     +....                  (boots unavailable)
Stlth    +.........             g - amulet of regeneration
HPRegen  1.24/turn              i - +6 ring of dexterity
MPRegen  0.00/turn              J - +4 ring of protection

@: flying, very slightly contaminated, slowed, studying 2 skills, invisible,
very slow
A: sickness immunity, fire resistance 2, cold vulnerability 1, float, innate
caster, hp casting, extra vitality 1
a: Renounce Religion, Upheaval


You were on level 10 of the Dungeon.
You worshipped Qazlal.
Qazlal was pleased with you.
You visited 2 branches of the dungeon, and saw 11 of its levels.

You collected 496 gold pieces.
You spent 156 gold pieces at shops.

Inventory:

Hand Weapons
 a - a +1 long sword
 f - a +0 falchion
 r - a +0 dagger of holy wrath (weapon)
Missiles
 d - 3 throwing nets
 m - 213 stones
 q - 2 atropa-tipped darts
Armour
 c - a +0 helmet (worn)
 j - a +0 leather armour of cold resistance (worn)
 x - a +0 buckler (worn)
 y - a +0 cloak (worn)
 A - a +0 pair of gloves (worn)
 D - the +4 leather armour of Valiance {Harm rPois rCorr Dex+3}
   (You found it on level 6 of the Dungeon)

   It affects your dexterity (+3).
   It protects you from poison.
   It protects you from acid and corrosion.
   It increases damage dealt and taken.
 E - a +0 troll leather armour
Jewellery
 g - an amulet of regeneration (around neck)
 i - a +6 ring of dexterity (left hand)
 n - a ring of protection from fire
 s - a +6 ring of dexterity
 u - a ring of willpower
 G - a ring of see invisible
 I - an amulet of faith
 J - a +4 ring of protection (right hand)
Wands
 v - a wand of iceblast (6)
 C - a wand of polymorph (4)
 H - a wand of mindburst (12)
Scrolls
 k - 2 scrolls of enchant weapon
 t - a scroll of magic mapping
Potions
 b - a potion of invisibility
 e - a potion of curing
 h - 6 potions of lignification
 o - 4 potions of attraction
 p - a potion of ambrosia {unknown}
 w - a potion of flight {unknown}
 z - 4 potions of brilliance
 B - a potion of might {unknown}


   Skills:
 - Level 8.0 Fighting
 - Level 14.0 Long Blades
 - Level 1.5 Throwing
 - Level 4.0 Armour
 - Level 4.0 Dodging
 - Level 4.0 Shields
 - Level 8.0 Spellcasting
 + Level 5.2 Invocations


You had 14 spell levels left.
You knew the following spells:

 Your Spells              Type           Power      Damage    Failure   Level
a - Sandblast             Erth           52%        2d12      1%          1
b - Passwall              Tmut/Erth      21%        N/A       1%          2
c - Poisonous Vapours     Pois/Air       52%        N/A       1%          2
d - Confusing Touch       Hex            26%        N/A       1%          3
e - Yara's Violent Unrav  Hex/Tmut       13%        3d7       17%         5
Your spell library was empty.

Dungeon Overview and Level Annotations

Branches:
Dungeon (10/15)            Temple (1/1) D:4            Lair (0/6) D:10
    Orc (0/2) D:10

Altars:
Ashenzari
Cheibriados
Dithmenos
Elyvilon
Fedhas
Gozag
Hepliaklqana
Kikubaaqudgha
Makhleb
Nemelex Xobeh
Okawaru
Qazlal
Ru
Sif Muna
Trog
Uskayaw
Vehumet
Wu Jian
Xom
Yredelemnul
Zin
The Shining One

Shops:
D:5 *


Innate Abilities, Weirdness & Mutations

You are immune to sickness and miasma.
You are immune to poison.
Your flesh is very heat resistant. (rF++)
You are vulnerable to cold. (rC-)
You float through the air rather than walking.
You learn spells naturally, not from books.
Your magical power is your life essence.
You have superior vitality. (+4 HP)


Message History

The freezing wraith is almost destroyed.
You block the freezing wraith's attack.
The freezing wraith completely misses you.
Aiming: Sandblast (safe; 1% risk of failure)
Press: ? - help, Q - select action, (/) - cycle Shift-Dir - straight line, f/p - freezing wraith
Aim: a freezing wraith (almost destroyed, 81% to hit)
The blast of sand hits the freezing wraith but does no damage.
The freezing wraith is almost destroyed.
The freezing wraith hits you. The freezing wraith freezes you!
The freezing wraith hits you but does no damage.
Aiming: Sandblast (safe; 1% risk of failure)
Press: ? - help, Q - select action, (/) - cycle Shift-Dir - straight line, f/p - freezing wraith
Aim: a freezing wraith (almost destroyed, 81% to hit)
The blast of sand hits the freezing wraith but does no damage.
The freezing wraith is almost destroyed.
You block the freezing wraith's attack. The freezing wraith hits you!
The freezing wraith drains your vigour!
You feel yourself slow down. The freezing wraith misses you.
The freezing wraith hits you but does no damage.
The freezing wraith closely misses you. The freezing wraith hits you.
The freezing wraith drains your vigour!
You feel as though you will be slow longer.
You block the freezing wraith's attack. The freezing wraith hits you.
The freezing wraith drains your vigour!
You feel as though you will be slow longer.
The freezing wraith hits you! The freezing wraith freezes you!!
* * * LOW HITPOINT WARNING * * *
You block the freezing wraith's attack.
You block the freezing wraith's attack. x2
The freezing wraith completely misses you.
The freezing wraith hits you.
* * * LOW HITPOINT WARNING * * *
The freezing wraith drains your vigour!
You feel as though you will be slow longer.
You fade into invisibility!
You are very lightly contaminated with residual magic.
The freezing wraith hits you.
* * * LOW HITPOINT WARNING * * *
The freezing wraith freezes you!!
You die...

########.#####.#.##########
.........#####.#.#......#.#
...............#.#(#<##.#.#
...............#.#.#.##...#
............##.#.#.#.####.#
###########.##[#.....# #.#
#....#.#..#..#.....#.# #.#
#...#.#.#.#..############.#
#...#.#..##.....@W.#....#.#
#...#.###.#.##.###.#......#
...#.#...#W.#......#..#####
#..#..###.#.##..####..#
#.#.##..(.#.#........##
#.##......#.#.#..<.#..#
##........#.#..#......#
##########.#..#.#.##.#
#..#........#


You could see a freezing wraith.

Vanquished Creatures
  A fire dragon (D:10)
  A centaur warrior (D:9)
  A two-headed ogre (D:9)
  A necromancer (D:10)
  2 cyclopes (D:10)
  A gargoyle (D:10)
  Psyche (D:10)
  2 kobold demonologists (D:10)
  3 trolls (D:10)
  A shadow (D:9)
  A vampire (D:9)
  9 yaks
  5 vampire mosquitoes (D:10)
  4 wargs (D:10)
  4 water moccasins (D:7)
  Purgy (D:3)
  A hornet zombie (D:7)
  3 ice beasts
  A black bear (D:6)
  7 orc warriors
  3 sky beasts (D:6)
  A necrophage (D:7)
  An ogre (D:5)
  8 centaurs
  A kobold brigand (D:8)
  2 bullfrogs
  3 gnoll sergeants
  4 scorpions
  2 electric eels (D:9)
  3 wights (D:7)
  3 howler monkeys
  3 centaur zombies
  A bullfrog zombie (D:6)
  2 hounds
  2 centaur skeletons
  A jelly (D:5)
  4 orc priests
  3 iguanas
  3 orc wizards
  A killer bee zombie (D:8)
  2 hound skeletons (D:4)
  2 howler monkey skeletons (D:5)
  16 gnolls
  9 adders
  2 shadow imps (D:7)
  A white imp (D:5)
  An adder skeleton (D:4)
  2 worms
  6 dart slugs
  21 orcs
  7 ball pythons
  14 endoplasms
  3 giant cockroaches (D:4)
  5 goblins
  10 hobgoblins
  2 jackals (D:2)
  12 kobolds
  3 quokkas
  11 bats
  3 frilled lizards
  A rat (D:2)
234 creatures vanquished.

Notes
Turn   | Place    | Note
-------+----------+-------------------------------------------
     0 | D:1      | 2tc the Djinni Gladiator began the quest for the Orb.
     0 | D:1      | Reached XP level 1. HP: 18/18 MP: 0/0
   147 | D:1      | Reached skill level 1 in Spellcasting
   147 | D:1      | Reached XP level 2. HP: 20/23 MP: 0/0
   596 | D:1      | Reached XP level 3. HP: 28/28 MP: 0/0
   596 | D:1      | Learned a level 1 spell: Sandblast
   801 | D:2      | Reached skill level 3 in Long Blades
   801 | D:2      | Reached XP level 4. HP: 32/33 MP: 0/0
  1334 | D:2      | Reached XP level 5. HP: 38/38 MP: 0/0
  1334 | D:2      | Learned a level 2 spell: Passwall
  1566 | D:3      | Reached skill level 4 in Long Blades
  2054 | D:3      | Noticed Purgy
  2088 | D:3      | Killed Purgy
  2089 | D:3      | Reached skill level 5 in Long Blades
  2089 | D:3      | Reached XP level 6. HP: 39/43 MP: 0/0
  2444 | D:3      | Found a faded altar of an unknown god.
  2859 | D:4      | Identified a scroll of acquirement
  2859 | D:4      | Acquired a manual of Spellcasting
  2866 | D:4      | Found a stormy altar of Qazlal.
  2903 | D:4      | Reached XP level 7. HP: 49/49 MP: 0/0
  2903 | D:4      | Learned a level 2 spell: Poisonous Vapours
  3074 | D:4      | Reached skill level 6 in Long Blades
  3131 | D:4      | Found a staircase to the Ecumenical Temple.
  3154 | Temple   | Entered the Ecumenical Temple
  3392 | D:4      | Became a worshipper of Qazlal Stormbringer
  3416 | D:4      | Found a shadowy altar of Dithmenos.
  3585 | D:5      | Entered Level 5 of the Dungeon
  3878 | D:5      | Reached XP level 8. HP: 54/54 MP: 0/0
  3935 | D:5      | Reached skill level 7 in Long Blades
  4101 | D:5      | Found Pynir's Assorted Antiques.
  4104 | D:5      | Bought a scroll labelled YSCHIHODGHOS for 26 gold pieces
  4104 | D:5      | Bought a scratched diamond ring for 130 gold pieces
  4195 | D:5      | Reached skill level 8 in Long Blades
  4410 | D:5      | Reached skill level 9 in Long Blades
  4787 | D:6      | Reached skill level 10 in Long Blades
  4906 | D:6      | Reached XP level 9. HP: 58/58 MP: 0/0
  4906 | D:6      | Learned a level 3 spell: Confusing Touch
  4946 | D:6      | Identified the +4 leather armour of Valiance {Harm rPois
                  | rCorr Dex+3}
  5359 | D:6      | Reached skill level 11 in Long Blades
  5549 | D:6      | Reached skill level 12 in Long Blades
  5555 | D:6      | Reached * piety under Qazlal
  6122 | D:7      | Reached skill level 13 in Long Blades
  6495 | D:7      | Reached XP level 10. HP: 64/64 MP: 0/0
  6686 | D:7      | Found a glowing silver altar of Zin.
  7051 | D:8      | Reached skill level 1 in Invocations
  7207 | D:8      | Reached skill level 14 in Long Blades
  7237 | D:8      | Reached ** piety under Qazlal
  8473 | D:9      | Noticed a centaur warrior
  8473 | D:9      | Noticed a cyclops
  8516 | D:9      | Noticed a two-headed ogre
  8645 | D:9      | Killed a two-headed ogre
  8646 | D:9      | Reached skill level 5 in Fighting
  8646 | D:9      | Reached skill level 1 in Armour
  8646 | D:9      | Reached XP level 11. HP: 75/75 MP: 0/0
  8646 | D:9      | Learned a level 5 spell: Yara's Violent Unravelling
  8733 | D:9      | Killed a centaur warrior
  8734 | D:9      | Reached skill level 5 in Spellcasting
  9063 | D:10     | Entered Level 10 of the Dungeon
  9258 | D:10     | Reached skill level 1 in Shields
  9352 | D:10     | Noticed Psyche
  9361 | D:10     | Killed Psyche
  9515 | D:10     | Found a staircase to the Lair.
  9819 | D:10     | Reached *** piety under Qazlal
  9843 | D:10     | Found a staircase to the Orcish Mines.
  9944 | D:10     | Found a sparkling altar of Nemelex Xobeh.
  9947 | D:10     | Found a bloodstained altar of Trog.
 10387 | D:9      | Reached skill level 5 in Invocations
 10717 | D:10     | Noticed a cyclops
 10734 | D:10     | Killed a cyclops
 10827 | D:10     | Noticed a cyclops
 10915 | D:10     | Reached XP level 12. HP: 84/84 MP: 0/0
 11119 | D:10     | Noticed a fire dragon
 11208 | D:10     | Killed a fire dragon
 11482 | D:10     | Slain by a freezing wraith

Illustrated notes

Levels and vault maps discovered:
D:1:      amcnicky_arrival_flooded_fountain, layout_loops_ring
D:2:      layout_basic, grunt_ministairs_12, st_stairs_10
D:3:      layout_loops_ring, ebering_ecumenical_altar_hall, uniq_purgy
D:4:      layout_basic, general_overflow_altar, grunt_qazlal_sundering,
          minmay_temple_entry_wispy
D:5:      layout_gridville, serial_shops, kennysheep_mini, nrook_mini_vaults,
          kb_lookout_dungeons_type, minmay_manual_mares
D:6:      wander_river, layout_basic, minmay_crystal_water, item_on_display_a
D:7:      layout_loops_ring, zin_statuary, minmay_manual_maat
D:8:      layout_rooms, minmay_misc_feat_plants
D:9:      layout_basic, minmay_circle_x
D:10:     minmay_the_grid_3x3 [minmay_the_grid_expand, minmay_the_grid_all_tris,
          minmay_the_grid_spikes, minmay_the_grid_dragon_a,
          minmay_the_grid_broken_lines, minmay_the_grid_eight,
          minmay_the_grid_outer_diamond, minmay_the_grid_embedded,
          minmay_the_grid_prize_four_corners], layout_basic,
          jmf_multi_god_temple, lemuel_tele_altar, lair_entry_dummy,
          minmay_orc_entry_guard_dogs, uniq_psyche
Temple:   regret_index_temple_sphere_string

Skill      XL: |  1  2  3  4  5  6  7  8  9 10 11 12 |
---------------+-------------------------------------+-----
Spellcasting   | 1 2 3 4 7 8 |  8.0
Long Blades    | 3 5 6 10 13 14 | 14.0
Invocations    | 4 5 |  5.2
Fighting       | 5 6 8 |  8.0
Dodging        | 4 |  4.0
Armour         | 1 4 |  4.0
Shields        | 4 |  4.0
Throwing       | |  1.5

Action                   |  1- 3 |  4- 6 |  7- 9 | 10-12 || total
-------------------------+-------+-------+-------+-------++-------
Melee: Long sword        |    42 |   187 |   197 |   394 ||   820
       Dagger            |       |       |       |    32 ||    32
Throw: Throwing net      |       |     1 |       |     1 ||     2
       Stone             |       |     1 |     4 |     7 ||    12
 Cast: Sandblast         |     2 |    19 |    45 |    84 ||   150
       Passwall          |       |     1 |     2 |       ||     3
       Poisonous Vapours |       |       |    63 |   146 ||   209
       Confusing Touch   |       |       |     1 |     8 ||     9
Invok: Upheaval          |       |       |       |     3 ||     3
Evoke: Wand              |       |       |       |     6 ||     6
  Use: Scroll            |     3 |     5 |     8 |     7 ||    23
       Potion            |       |       |     4 |     6 ||    10
 Stab: Sleeping          |     1 |     7 |     3 |       ||    11
       Confused          |       |       |       |    15 ||    15
Armor: Leather armour    |    11 |    45 |    49 |   101 ||   206
       Troll leather arm |       |       |       |    29 ||    29
Dodge: Dodged            |    32 |   132 |   125 |   275 ||   564
Block: Other             |       |       |     5 |    39 ||    44
       Buckler           |       |       |       |    33 ||    33
       Rpst.: Long sword |    11 |    29 |    35 |    56 ||   131

Table legend: (Time is in decaauts)
 A = Elapsed time spent in this place.
 B = Non-inter-level travel time spent in this place.
 C = Inter-level travel time spent in this place.
 D = Time resting spent in this place.
 E = Time spent auto-exploring this place.
 F = Levels seen in this place.
 G = Mean time per level.
                   A        B        C        D        E       F      G
               +--------+--------+--------+--------+--------+-----+--------+
         Total |  11340 |  10674 |    666 |   1211 |   6572 |  11 | 1030.9 |
       Dungeon |  11143 |  10499 |    644 |   1211 |   6433 |  10 | 1114.3 |
        Temple |    197 |    175 |     22 |      0 |    139 |   1 |  197.0 |
               +--------+--------+--------+--------+--------+-----+--------+

Top non-repeatable levels by time:
    D:10: 2245 daAuts
     D:6: 1257 daAuts
     D:3: 1256 daAuts
     D:9: 1243 daAuts
     D:7: 997 daAuts
     D:5: 979 daAuts
     D:8: 818 daAuts
     D:4: 808 daAuts
     D:2: 780 daAuts
     D:1: 755 daAuts
  Temple: 197 daAuts
